 Dungeon Crawl Stone Soup version 0.18-a0-962-gae6beb5 (webtiles) character file.

144 Sodium1970 the Shield-Bearer (level 5, -9/41 HPs)
             Began as a Human Fighter on Dec 31, 2015.
             Killed by divine providence
             ... invoked by an orc priest
              (12 damage)
             ... on level 3 of the Dungeon.
             The game lasted 00:09:36 (2947 turns).

Sodium1970 the Shield-Bearer (Human Fighter)        Turns: 2947, Time: 00:09:36

Health: -9/41      AC:  7    Str: 17    XL:     5   Next: 52%
Magic:  5/5        EV:  8    Int:  9    God:
Gold:   94         SH:  9    Dex: 12    Spells: 0 memorised, 4 levels left

rFire  . . .     SeeInvis .     a - +0 long sword
rCold  . . .     Gourm    .     b - +0 scale mail
rNeg   . . .     Faith    .     i - +0 shield
rPois  .         Spirit   .     (no helmet)
rElec  .         Dismiss  .     (no cloak)
rCorr  +         Reflect  .     (no gloves)
SustAt .         Harm     .     (no boots)
MR     .....                    f - amulet of resist corrosion
Stlth  ..........               s - ring of wizardry
                                r - ring of wizardry

@: not resistant to hostile enchantments, extremely unstealthy
A: no striking features
a: no special abilities


You were on level 3 of the Dungeon.
You were not hungry.

You visited 1 branch of the dungeon, and saw 3 of its levels.

You collected 94 gold pieces.

Inventory:

Hand Weapons
 a - a +0 long sword (weapon)
Armour
 b - a +0 scale mail (worn)
 c - a +0 shield
 i - a +0 shield (worn)
Jewellery
 f - an amulet of resist corrosion (around neck)
 r - a ring of wizardry (left hand)
 s - a ring of wizardry (right hand)
Wands
 u - a wand of slowing (19/48)
Scrolls
 h - a scroll of enchant weapon {unknown}
 j - 2 scrolls of remove curse {unknown}
 k - 7 scrolls of identify {unknown}
 l - a scroll of blinking {unknown}
 o - a scroll of recharging {unknown}
 v - a scroll of random uselessness {unknown}
Potions
 d - a potion of might
 e - a potion of brilliance {unknown}
 m - a potion of mutation {unknown}
 n - a potion of haste {unknown}
 t - a potion of beneficial mutation {unknown}
Comestibles
 g - a meat ration
 p - 2 fruits
 q - 2 bread rations


   Skills:
 + Level 3.6 Fighting
 + Level 2.6 Long Blades
 + Level 3.8 Armour
 + Level 1.7 Dodging
 - Level 0.2 Stealth
 + Level 3.9 Shields


You had 4 spell levels left.
You didn't know any spells.

Dungeon Overview and Level Annotations

Branches:
Dungeon (3/15)

Altars:
Dithmenos
Xom


Message History

The kobold is moderately wounded.
You block the kobold's attack. The kobold completely misses you.
You slash the kobold!
You kill the kobold!
The orc priest looks braver for a moment.
The orc barely misses you.
You slash the orc!
You kill the orc!
The orc priest calls down the wrath of Beogh upon you.
Something smites you!
The orc priest mumbles some strange prayers to Beogh against you.
Pain shoots through your body!
* * * LOW HITPOINT WARNING * * *
The orc hits you.
* * * LOW HITPOINT WARNING * * *
Things that are here:
a hand axe; a leather armour The orc priest calls down the wrath of Beogh upon you.
Something smites you!
You die...

.###.#...#######.....)..÷)...#
.
#.#...#######......#####......
. #.#....<........#.## #.#####
. #.#.#.#######......#####.#
.# #.#.#.. #..##......... ..
#.#.#### #..###.#####.. ..##.#
#..# #.# #... .....#
###.####o$# #.# #.## .....#
....oo.)@.# #.# .....#
###.####.## #.# .....# ...#
#.# ..#.## ###### #.#
###.##### .# #.##♣♣ ##
#.#...###.# ##..#.♣♣ ♣♣#)
#.........# #....♣.♣♣♣♣)))
##.#......# #......)♣))♣#)
####.#.#.#### #...#.)♣)♣♣♣##


You could see an orc priest and 2 orcs.

Vanquished Creatures
  Crazy Yiuf (D:3)
  Robin (D:3)
  2 adders
  2 worms (D:2)
  4 giant geckos
  5 orcs (D:3)
  8 bats
  2 giant cockroaches
  12 goblins
  7 hobgoblins
  3 jackals (D:1)
  9 kobolds
  4 giant newts
  14 rats
74 creatures vanquished.

Notes
Turn   | Place    | Note
--------------------------------------------------------------
     0 | D:1      | Sodium1970 the Human Fighter began the quest for the Orb.
     0 | D:1      | Reached XP level 1. HP: 18/18 MP: 1/1
   256 | D:1      | Reached XP level 2. HP: 24/24 MP: 2/2
   463 | D:1      | Reached XP level 3. HP: 27/29 MP: 3/3
  1214 | D:2      | Reached skill level 1 in Dodging
  1214 | D:2      | Reached XP level 4. HP: 14/35 MP: 4/4
  1549 | D:2      | Found a shimmering altar of Xom.
  1572 | D:2      | Found a shimmering altar of Xom.
  1574 | D:2      | Found a shimmering altar of Xom.
  1574 | D:2      | Found a shimmering altar of Xom.
  1574 | D:2      | Found a shimmering altar of Xom.
  1587 | D:2      | Found a shimmering altar of Xom.
  1588 | D:2      | Found a shimmering altar of Xom.
  1589 | D:2      | Found a shimmering altar of Xom.
  1978 | D:2      | Found a shadowy altar of Dithmenos.
  2411 | D:3      | Noticed Robin
  2749 | D:3      | Killed Robin
  2749 | D:3      | Reached XP level 5. HP: 35/41 MP: 5/5
  2873 | D:3      | Noticed Crazy Yiuf
  2880 | D:3      | Killed Crazy Yiuf
  2947 | D:3      | Killed from afar by an orc priest

Vault maps used:
D:1:      dpeg_arrival_houses_and_road
D:2:      lemuel_doored_altar, kennysheep_pointless_box, xom_redecorated
D:3:      first_bread, uniq_robin, uniq_crazy_yiuf_cottage

Action                   |  1- 3 |  4- 6 || total
-------------------------+-------+-------++-------
Melee: Long sword        |   144 |   143 ||   287
  Eat: Bread ration      |     1 |       ||     1
       Meat ration       |       |     1 ||     1
